 Dungeon Crawl Stone Soup version 0.19-a0-934-gf1df8d1 (webtiles) character file.

7847 retryentry the Carver (level 10, -4/141 HPs)
             Began as a Demigod Fighter on July 7, 2016.
             Slain by a stone giant (6 damage)
             ... on level 10 of the Dungeon.
             The game lasted 00:27:31 (12949 turns).

retryentry the Carver (Demigod Fighter)            Turns: 12949, Time: 00:27:31

Health: -4/141     AC: 25    Str: 24    XL:     10   Next: 71%
Magic:  16/16      EV:  2    Int: 12    God:
Gold:   665        SH: 10    Dex: 24    Spells: 1 memorised, 3 levels left

rFire  . . .     SeeInvis .     O - +0 scimitar
rCold  . . .     Gourm    .     (armour currently unavailable)
rNeg   + + +     Faith    .     c - +0 shield
rPois  +         Spirit   .     (helmet currently unavailable)
rElec  .         Dismiss  .     (cloak currently unavailable)
rCorr  .         Reflect  .     (gloves currently unavailable)
SustAt +         Harm     .     (boots currently unavailable)
MR     +....     NoTele   +     T - amulet of regeneration
Stlth  ++........               R - +3 ring of evasion (curse)
                                a - +3 ring of dexterity

@: mighty, tree-form (expiring), somewhat resistant to hostile enchantments,
unstealthy
A: high mp 1, sustain attributes
a: no special abilities


You were on level 10 of the Dungeon.
You were hungry.
You were a tree.
You visited 1 branch of the dungeon, and saw 10 of its levels.
You also visited: Sewer and Ossuary.

You collected 762 gold pieces.
You spent 97 gold pieces at shops.

Inventory:

Hand Weapons
 O - a +0 scimitar (weapon)
 Q - a +1 short sword of freezing
Missiles
 I - a throwing net (quivered)
Armour
 c - a +0 shield (worn)
 r - a +0 cloak (melded)
 D - a +1 helmet (melded)
 Z - a +4 chain mail of magic resistance (melded)
Jewellery
 a - a +3 ring of dexterity (left branch)
 R - a cursed +3 ring of evasion (right branch)
 T - an amulet of regeneration (around neck)
Wands
 t - a wand of slowing (16/48)
 x - a wand of iceblast (7/15)
 G - a wand of random effects (17/48)
 Y - a wand of polymorph (8/24)
Scrolls
 m - a scroll of magic mapping {unknown}
 n - 2 scrolls of enchant armour
 o - 2 scrolls of noise {unknown}
 p - 3 scrolls of amnesia
 u - a scroll of recharging {unknown}
 y - 4 scrolls of teleportation
 C - a scroll of enchant weapon {unknown}
 E - 3 scrolls of remove curse
 H - a scroll of immolation {unknown}
 L - 2 scrolls of fog {unknown}
 M - 5 scrolls of random uselessness {unknown}
 N - 2 scrolls of fear {unknown}
 P - a scroll of torment {unknown}
 W - a scroll of blinking {unknown}
Potions
 d - a potion of might
 e - 2 potions of flight
 i - a potion of mutation
 j - a potion of agility
 l - 3 potions of resistance
 v - 2 potions of degeneration
 z - 3 potions of invisibility
 A - a potion of haste
 F - 3 potions of brilliance {unknown}
 J - 9 potions of curing
 K - 2 potions of ambrosia {unknown}
 X - a potion of berserk rage {unknown}
Miscellaneous
 g - a lamp of fire (inert)
Comestibles
 b - 3 beef jerkies
 f - 7 bread rations
 h - 6 meat rations
 s - 3 fruits
 w - 13 slices of pizza
 V - a royal jelly


   Skills:
 * Level 10.7 Fighting
 * Level 11.0 Long Blades
 - Level 2.6 Armour
 * Level 0.3 Dodging
 - Level 2.6 Shields
 * Level 3.7 Evocations


You had 3 spell levels left.
You knew the following spells:

 Your Spells              Type           Power        Failure   Level  Hunger
a - Statue Form           Tmut/Erth      #........    100%        6    #######


Dungeon Overview and Level Annotations

Branches:
Dungeon (10/15)            Temple (0/1) D:6             Orc (0/2) D:10
   Lair: D:8-11

Shops:
D:8 (*(


Innate Abilities, Weirdness & Mutations

You have an increased reservoir of magic. (+10% MP)
Your attributes are resistant to harm.


Message History

The stone giant hits you!!
* * * LOW HITPOINT WARNING * * *
You feel much better.
Your transformation is almost over.
The stone giant hits you but does no damage.
You feel very mighty all of a sudden. The stone giant hits you!!
* * * LOW HITPOINT WARNING * * *
You hit the stone giant but do no damage.
The stone giant is severely wounded.
The stone giant hits you!
* * * LOW HITPOINT WARNING * * *
Unknown command.
You slash the stone giant!
The stone giant is severely wounded.
The stone giant barely misses you.
You hit the stone giant.
The stone giant is severely wounded.
The stone giant hits you.
You die...

#...###.#......>....#####.#
##.####.######............#
#.##...# #........#.#.##
#.##.### #.####.#.......
#.##.# #.###...##.#.##
#.##.# #o...........##
#.##.# ####o.......#(..##
#.##.# #.C{o............#
#.##.#####♣##.........###>#
#.##.....(.##)†.......# #..
#.###########[.....)..###.#
#.##### ###...........#
#.#...## #..#.##.#####
#..###.# #..#.##.# # #..#
#.# #...(##.# # ##.###.#
#.##....# #
##...#########.#...#.# #


You could see a stone giant, an orc wizard and an orc.

Vanquished Creatures
  Pikel (D:4)
  2 trolls (D:9)
  Prince Ribbit (D:4)
  The ghost of tstbtto the Carver, an amateur HEFi (D:4)
  A human (D:8)
  2 steam dragons
  2 hippogriffs (D:8)
  Purgy (Sewer)
  3 orc warriors
  A slave (D:5)
  8 sky beasts
  3 ice beasts
  A wasp (D:10)
  A black bear (D:7)
  7 ogres
  2 phantoms
  5 centaurs
  A crocodile (D:9)
  A big kobold (D:7)
  Blork the orc (D:5)
  5 giant frogs
  2 elf skeletons (D:6)
  A wyvern skeleton (D:10)
  2 scorpions
  3 wights (D:6)
  4 howler monkeys
  8 crimson imps
  A jelly (D:9)
  A giant frog zombie (D:10)
  2 centaur zombies (Ossuary)
  A hound (shapeshifter) (D:10)
  A quasit (D:9)
  7 hounds
  3 human zombies
  4 orc wizards (D:8)
  5 centaur skeletons
  4 orc priests
  Crazy Yiuf (D:2)
  2 giant frog skeletons
  3 human skeletons (D:6)
  5 iguanas
  12 worker ants
  2 hound zombies
  4 mummies
  A howler monkey zombie (D:7)
  A worker ant zombie (D:10)
  4 gnolls
  9 adders
  2 howler monkey skeletons
  3 shadow imps
  3 oozes
  6 adder zombies
  6 worms
  3 dart slugs
  14 giant geckos
  23 orcs
  8 bats
  8 giant cockroaches
  A gnoll zombie (Ossuary)
  7 hobgoblins
  6 jackals
  12 kobolds
  4 quokkas
  A ball python (D:2)
  A giant gecko skeleton (D:8)
  7 giant newts
  6 goblins
  5 goblin zombies (Ossuary)
  2 hobgoblin zombies
  A jackal skeleton (D:5)
  7 jackal zombies
  3 kobold zombies
  6 orc zombies
  2 quokka skeletons
  5 quokka zombies (Ossuary)
  4 rats
  3 rat zombies (Ossuary)
302 creatures vanquished.

Vanquished Creatures (others)
  2 slaves (D:5)
  An orc (D:5)
  A giant gecko skeleton (D:5)
4 creatures vanquished.

Grand Total: 306 creatures vanquished

Notes
Turn   | Place    | Note
-------+----------+-------------------------------------------
     0 | D:1      | retryentry the Demigod Fighter began the quest for the Orb.
     0 | D:1      | Reached XP level 1. HP: 18/18 MP: 3/3
   334 | D:1      | Reached XP level 2. HP: 25/26 MP: 4/4
   598 | D:1      | Reached skill level 2 in Long Blades
   924 | D:2      | Reached XP level 3. HP: 32/33 MP: 3/5
  1439 | D:2      | Found a runed door.
  1472 | D:2      | Reached XP level 4. HP: 35/40 MP: 6/6
  1522 | D:2      | Found an iron altar of Okawaru.
  1607 | D:2      | Noticed Crazy Yiuf
  1613 | D:2      | Killed Crazy Yiuf
  1613 | D:2      | Reached skill level 3 in Long Blades
  2272 | D:4      | Reached XP level 5. HP: 24/47 MP: 4/7
  2309 | D:3      | HP: 2/47 [poisoned by a worker ant]
  2732 | D:4      | Noticed tstbtto's ghost (amateur HEFi)
  2793 | D:4      | Reached skill level 5 in Fighting
  3660 | D:4      | Reached skill level 4 in Long Blades
  3660 | D:4      | Reached XP level 6. HP: 47/56 MP: 7/9
  4386 | D:5      | Entered Level 5 of the Dungeon
  4410 | D:5      | Reached skill level 1 in Evocations
  4616 | D:5      | Found a glowing drain.
  4662 | Sewer    | Entered a sewer
  4865 | Sewer    | Noticed Purgy
  4893 | Sewer    | Killed Purgy
  4974 | D:5      | Noticed Blork the orc
  4987 | D:5      | Killed Blork the orc
  4987 | D:5      | Reached XP level 7. HP: 50/62 MP: 7/10
  5134 | D:5      | Noticed Pikel
  5192 | D:4      | Reached skill level 5 in Long Blades
  5421 | D:4      | Killed tstbtto's ghost
  5669 | D:4      | Killed Pikel
  5669 | D:4      | Reached skill level 6 in Long Blades
  5669 | D:4      | Reached XP level 8. HP: 45/73 MP: 12/12
  6073 | D:5      | Reached skill level 7 in Long Blades
  6110 | D:5      | HP: 3/73 [poisoned by a scorpion]
  6118 | D:5      | HP: 3/73 [poisoned by a scorpion]
  6763 | D:5      | Noticed Prince Ribbit
  7324 | D:4      | Killed Prince Ribbit
  7929 | D:6      | Reached skill level 8 in Long Blades
  8016 | D:6      | Reached XP level 9. HP: 64/82 MP: 9/13
  8076 | D:6      | Found a sand-covered staircase.
  8085 | Ossuary  | Entered an ossuary
  8541 | D:6      | Found a staircase to the Ecumenical Temple.
  8751 | D:6      | Found an oddly glowing altar of Pakellas.
  9171 | D:7      | You fall through a shaft!
  9193 | D:8      | Reached skill level 9 in Long Blades
 10104 | D:7      | Found a glowing golden altar of the Shining One.
 10412 | D:8      | Found Caar Emp's Antique Weapon Shoppe.
 10499 | D:8      | Found Ideimiad's Antique Weapon Boutique.
 10504 | D:8      | Reached XP level 10. HP: 92/92 MP: 15/15
 10524 | D:8      | Found Kahuafis's Assorted Antiques.
 10527 | D:8      | Bought a scroll labeled LITEEDGH SUIMMO for 25 gold pieces
 10527 | D:8      | Bought a scroll labeled JUKKAM QIRESU for 25 gold pieces
 10527 | D:8      | Bought a scroll labeled JETYTW XEINOUF for 25 gold pieces
 10527 | D:8      | Bought a metallic yellow potion for 22 gold pieces
 10681 | D:8      | Reached skill level 10 in Long Blades
 10941 | D:8      | Reached skill level 10 in Fighting
 11159 | D:9      | Gained mutation: You are frail. (-10% HP) [mutagenic meat]
 11162 | D:9      | Gained mutation: You are weak. (Str -2) [mutagenic meat]
 11271 | D:9      | Found a shimmering altar of Xom.
 11475 | D:9      | Learned a level 6 spell: Statue Form
 11812 | D:9      | Found an ancient bone altar of Kikubaaqudgha.
 12170 | D:10     | Entered Level 10 of the Dungeon
 12170 | D:10     | Noticed a stone giant
 12172 | D:10     | Noticed an anaconda
 12172 | D:10     | an anaconda changed into a giant leech
 12351 | D:10     | Gained mutation: You are very frail. (-20% HP) [mutagenic meat]
 12351 | D:10     | Gained mutation: You are very weak. (Str -4) [potion of mutation]
 12351 | D:10     | Lost mutation: You are very weak. (Str -4) [potion of mutation]
 12351 | D:10     | Gained mutation: You are agile. (Dex +2) [potion of mutation]
 12352 | D:10     | Lost mutation: You are weak. (Str -2) [potion of cure mutation]
 12352 | D:10     | Lost mutation: You are very frail. (-20% HP) [potion of cure mutation]
 12352 | D:10     | Lost mutation: You are frail. (-10% HP) [potion of cure mutation]
 12352 | D:10     | Lost mutation: You are agile. (Dex +2) [potion of cure mutation]
 12356 | D:10     | Found a staircase to the Orcish Mines.
 12479 | D:10     | Reached skill level 11 in Long Blades
 12516 | D:10     | Found a glowing golden altar of the Shining One.
 12518 | D:10     | Found a snail-covered altar of Cheibriados.
 12940 | D:10     | HP: 6/141 [stone giant (28)]
 12947 | D:10     | HP: 1/141 [stone giant (13)]
 12949 | D:10     | Slain by a stone giant

Vault maps used:
D:1:      minmay_arrival_checkered_box, serial_corexii_hall,
          corexii_hall_statues_l, corexii_hall_statues_deadend,
          kennysheep_pointless_box, minmay_misc_feat_nine_boxes
D:2:      okawaru_altar_gauntlet_db, uniq_crazy_yiuf_cottage
D:4:      first_bread
D:5:      gup_sewer_entry_pipe, minmay_mini_ossuary, uniq_pikel,
          uniq_prince_ribbit1, uniq_blork_the_orc
D:6:      nicolae_ossuary_entry_catacombs, grunt_pakellas_salt
D:7:      lemuel_round_altar
D:8:      serial_shops, nicolae_shop_trees, shop, kennysheep_mini_moat,
          grunt_pizzeria
D:9:      lemuel_round_altar, overflow_temple_1_default
D:10:     orc_0_dummy, nicolae_benzene_ring, jmf_multi_god_temple
Sewer:    sewer_the_crocodile
Ossuary:  minmay_ossuary_two_tombs

Skill      XL: |  1  2  3  4  5  6  7  8  9 10 |
---------------+-------------------------------+-----
Fighting       | 3 4 5 7 8 9 10 | 10.7
Long Blades    | 2 3 4 6 8 9 11 | 11.0
Evocations     | 1 3 |  3.7
Armour         | |  2.6
Dodging        | |  0.3
Shields        | |  2.6

Action                   |  1- 3 |  4- 6 |  7- 9 | 10-12 || total
-------------------------+-------+-------+-------+-------++-------
Melee: Long sword        |   102 |   398 |       |       ||   500
       Scimitar          |       |       |   741 |   381 ||  1122
Throw: Throwing net      |       |       |     1 |       ||     1
Evoke: Wand              |       |     9 |     7 |       ||    16
       Lamp of fire      |       |       |       |     1 ||     1
  Use: Scroll            |       |     3 |     8 |     4 ||    15
       Potion            |       |     1 |       |     7 ||     8
 Stab: Paralysed         |       |       |     8 |       ||     8
  Eat: Chunk             |     2 |    12 |    16 |    12 ||    42
       Royal jelly       |       |       |     1 |       ||     1
       Fruit             |       |       |     1 |       ||     1
Armor: Scale mail        |    36 |       |       |       ||    36
       Chain mail        |     1 |   194 |    44 |   165 ||   404
       Plate armour      |       |       |   279 |     8 ||   287
       Skin              |       |       |       |    14 ||    14
Dodge: Dodged            |    21 |    66 |    59 |    73 ||   219
Block: Shield            |    54 |   178 |   311 |   162 ||   705
